 Dungeon Crawl Stone Soup version 0.25-a0-294-gea9b1ad378 (webtiles) character file.

Game seed: 18260502872393816210, levelgen mode: deterministic

658 Error4North the Skirmisher (level 7, -3/62 HPs)
             Began as a Hill Orc Fighter on Dec 19, 2019.
             Killed by nerve-wracking pain
             ... invoked by Menkaure
              (13 damage)
             ... on level 6 of the Dungeon.
             The game lasted 00:25:46 (4814 turns).

Error4North the Skirmisher (Hill Orc Fighter)       Turns: 4814, Time: 00:25:47

Health: -3/62      AC: 15    Str: 21    XL:     7   Next: 55%
Magic:  9/9        EV:  4    Int:  8    God:
Gold:   256        SH:  9    Dex: 10    Spells: 9/9 levels left

rFire    . . .     SeeInvis .   b - +0 morningstar (holy)
rCold    . . .     Gourm    .   c - +0 shield
rNeg     . . .     Faith    .   o - +2 plate armour {rPois}
rPois    +         Spirit   .   (no helmet)
rElec    .         Reflect  .   (no cloak)
rCorr    .         Harm     .   r - +0 pair of gloves
MR       .....                  (no boots)
Stlth    ..........             (no amulet)
HPRegen  0.20/turn              (no ring)
MPRegen  0.11/turn              (no ring)

@: no status effects
A: no striking features
a: no special abilities


You were on level 6 of the Dungeon.
You were hungry.

You visited 1 branch of the dungeon, and saw 6 of its levels.

You collected 256 gold pieces.

Inventory:

Hand Weapons
 a - a +0 war axe
 b - a +0 morningstar of holy wrath (weapon)
 i - a +2 hunting sling of freezing
Missiles
 e - 179 stones (quivered)
 n - 62 sling bullets
Armour
 c - a +0 shield (worn)
 o - a +2 plate armour of poison resistance (worn)
 r - a +0 pair of gloves (worn)
Jewellery
 t - an uncursed ring of magical power
Scrolls
 g - 5 scrolls of remove curse {unknown}
 h - 7 scrolls of identify
 j - 3 scrolls of teleportation {unknown}
 p - 2 scrolls of enchant weapon {unknown}
 s - 2 scrolls of fog {unknown}
 v - 4 scrolls of magic mapping {unknown}
 w - a scroll of immolation {unknown}
Potions
 d - a potion of might
 k - a potion of agility
 m - a potion of degeneration {unknown}
 q - a potion of curing
 u - a potion of berserk rage {unknown}
 x - 3 potions of flight {unknown}
Comestibles
 f - 7 rations


   Skills:
 * Level 5.9 Fighting
 + Level 5.4 Axes
 + Level 0.3(2.7) Maces & Flails
 + Level 1.7 Slings
 * Level 4.6 Armour
 + Level 0.3 Dodging
 * Level 4.8 Shields
 * Level 1.8 Spellcasting


You had 9 spell levels left.
You didn't know any spells.
Your spell library was empty.

Dungeon Overview and Level Annotations

Branches:
Dungeon (6/15)
 Temple: D:4-7

Altars:
Makhleb
Ru

Annotations:
D:6 Menkaure


Message History

Menkaure is lightly damaged.
Menkaure mumbles in an indecipherable tongue.
Menkaure mumbles some strange words.
Menkaure seems to speed up.
Menkaure calls on the powers of darkness!
Your body is wracked with pain!
You completely miss Menkaure.
Menkaure is lightly damaged.
Menkaure hits you.
Menkaure calls on the powers of darkness!
Your body is wracked with pain!
* * * LOW HITPOINT WARNING * * *
A wyvern comes into view.
The wyvern hisses angrily.
Menkaure hits you!
* * * LOW HITPOINT WARNING * * *
There is a stone staircase leading up, spattered with blood here.
Menkaure casts a spell at you. Pain shoots through your body!
You die...

.....................#.
.....%..#.......# .....
................##...$.
........(.......#......
.......................
.........##.(..........
.....#.................
.(....##l...#.M........
...... #....@<........#
...............#.....^.
............#.###...!.#
.....##### #..... ##...
###.# #... .. ##


You could see a wyvern and Menkaure.

Vanquished Creatures
  2 ogres (D:5)
  A necrophage (D:5)
  A howler monkey (D:4)
  A jelly (D:5)
  2 hounds
  2 orc wizards (D:4)
  A worker ant zombie (D:5)
  8 adders
  A shadow imp (D:5)
  2 oozes
  A worm (D:2)
  4 dart slugs
  3 leopard geckos
  7 orcs
  A ball python (D:4)
  9 giant cockroaches
  13 goblins
  10 hobgoblins
  12 jackals
  8 kobolds
  A quokka (D:4)
  11 bats
  2 frilled lizards (D:1)
  A quokka skeleton (D:5)
  3 rats
  2 plants (D:1)
109 creatures vanquished.

Vanquished Creatures (others)
  A plant (D:1)
1 creature vanquished.

Grand Total: 110 creatures vanquished

Notes
Turn   | Place    | Note
-------+----------+-------------------------------------------
     0 | D:1      | Error4North the Hill Orc Fighter began the quest for the
                  | Orb.
     0 | D:1      | Reached XP level 1. HP: 19/19 MP: 1/1
    97 | D:1      | Reached XP level 2. HP: 27/27 MP: 2/2
   214 | D:1      | Reached XP level 3. HP: 30/33 MP: 3/3
  1273 | D:2      | Reached XP level 4. HP: 40/40 MP: 5/5
  1388 | D:2      | Reached skill level 1 in Spellcasting
  1575 | D:2      | Found a burning altar of Makhleb.
  1692 | D:2      | Reached XP level 5. HP: 43/46 MP: 6/6
  2217 | D:3      | Reached skill level 1 in Slings
  2476 | D:3      | Found a sacrificial altar of Ru.
  3136 | D:4      | Reached XP level 6. HP: 52/53 MP: 6/8
  3645 | D:5      | Entered Level 5 of the Dungeon
  3690 | D:5      | Noticed a necrophage
  3888 | D:5      | Reached skill level 5 in Fighting
  3892 | D:5      | Reached XP level 7. HP: 33/61 MP: 9/9
  4452 | D:5      | Reached skill level 5 in Axes
  4794 | D:6      | Noticed Menkaure
  4813 | D:6      | Noticed a wyvern
  4814 | D:6      | Killed from afar by Menkaure

Levels and vault maps discovered:
D:1:      dpeg_arrival_morbid_curiosity, layout_basic, serial_bayou_lagoon_a,
          st_stairs_3, minmay_crystal_room
D:2:      layout_basic, makhleb_blood_cavern_becter
D:3:      layout_basic, nicolae_ru_sacrificial_ziggurat, first_ration
D:4:      layout_gridville
D:5:      layout_basic
D:6:      layout_cave_pools, minmay_temple_entry_grid, st_stairs_4, uniq_edmund,
          uniq_menkaure

Skill      XL: |  1  2  3  4  5  6  7 |
---------------+----------------------+-----
Axes           | 3 4 5 |  5.4
Fighting       | 4 5 |  5.9
Shields        | 4 |  4.8
Spellcasting   | 1 |  1.8
Slings         | 1 |  1.7
Armour         | 4 |  4.6
Maces & Flails | |  0.3
Dodging        | |  0.3

Action                   |  1- 3 |  4- 6 |  7- 9 || total
-------------------------+-------+-------+-------++-------
Melee: War axe           |   161 |   150 |    26 ||   337
       Morningstar       |       |     2 |    10 ||    12
 Fire: Hunting sling     |    18 |    96 |    14 ||   128
Throw: Stone             |    16 |       |       ||    16
  Use: Scroll            |       |     2 |     1 ||     3
       Potion            |       |     4 |       ||     4
  Eat: Ration            |     1 |       |       ||     1
       Chunk             |       |     6 |     3 ||     9
Armor: Scale mail        |    71 |    67 |       ||   138
       Plate armour      |       |    43 |    15 ||    58
Dodge: Dodged            |    53 |    72 |     4 ||   129
Block: Shield            |   109 |   129 |    14 ||   252

Table legend:
 A = Non-vault XP
 B = Vault XP
 C = Vault XP percentage of total XP
 D = Non-vault monster count
 E = Vault monster count
 F = Vault count percentage of total count
                 A         B        C        D         E       F
            +---------+---------+-------+---------+---------+-------
      Total |     884 |      56 |   6.0 |      99 |       8 |   7.5
            +---------+---------+-------+---------+---------+-------
        D:1 |      61 |      13 |  17.6 |      33 |       7 |  17.5
        D:2 |      72 |      43 |  37.4 |      22 |       1 |   4.3
        D:3 |      84 |       0 |   0.0 |      23 |       0 |   0.0
        D:4 |     165 |       0 |   0.0 |      10 |       0 |   0.0
        D:5 |     502 |       0 |   0.0 |      11 |       0 |   0.0
            +---------+---------+-------+---------+---------+-------
